 Dungeon Crawl Stone Soup version 0.26-a0-664-gc8b27b8fc1 (webtiles) character file.

Game seed: 15810882950844300568

503633 Kinoniko the Slayer (level 24, 235/235 HPs)
             Began as a Minotaur Gladiator on Oct 12, 2020.
             Was a High Priest of Okawaru.
             Quit the game on level 1 of the Elven Halls on Oct 13, 2020.
             The game lasted 02:25:34 (63190 turns).

Kinoniko the Slayer (Minotaur Gladiator)           Turns: 63190, Time: 02:25:35

Health: 235/235    AC: 46    Str: 26    XL:     24   Next: 9%
Magic:  38/38      EV: 19    Int: 10    God:    Okawaru [*****.]
Gold:   567        SH:  0    Dex: 26    Spells: 23/23 levels left

rFire    + + .     SeeInvis +   H - +4 lajatang (speed)
rCold    + . .     Faith    .   (shield currently unavailable)
rNeg     + + .     Spirit   .   E - +6 gold dragon scales
rPois    +         Reflect  .   h - +2 hat {SInv}
rElec    .         Harm     .   K - +3 cloak of Responsibility {rN++ Dex+5 Stlth+}
rCorr    .         Rampage  .   a - +2 pair of gloves {Dex+3}
MR       ++...                  r - +2 pair of boots of Objectivity {Str+2 Int+2}
Stlth    ..........             v - amulet of Ashenzari's Wrath {+Inv Regen+ SInv}
HPRegen  0.89/turn              M - ring of Xom's Grace {MR+ AC+4 SInv}
MPRegen  0.26/turn              L - ring "Pawib" {rF+ MP+9 Str+2 Slay+3}

@: marked, studying Hexes
A: retaliatory headbutt, horns 2
}: 2/15 runes: barnacled, gossamer
a: Heroism, Finesse, Renounce Religion, Evoke Invisibility


You were on level 1 of the Elven Halls.
You worshipped Okawaru.
Okawaru was extremely pleased with you.
You visited 9 branches of the dungeon, and saw 42 of its levels.
You also visited: Ossuary, Gauntlet, Ice Cave, Volcano and Desolation.

You collected 5417 gold pieces.
You spent 4850 gold pieces at shops.

Inventory:

Hand Weapons
 m - a +2 triple sword of holy wrath
 u - the +11 battleaxe "Vataen" {venom, *Corrode rC+ MR+}
   (You found it in an ice cave)

   It poisons the flesh of those it strikes.
   It protects you from cold.
   It affects your resistance to hostile enchantments.
   It may corrode you when you take damage.
 F - the +8 Wrath of Trog {antimagic, *Rage}
   (You found it on level 3 of the Depths)

   It reduces the magical energy of the wielder, and disrupts the spells and
   magical abilities of those hit.
   Natural abilities and divine invocations are not affected.
   It may make you go berserk in combat.
 H - a +4 lajatang of speed (weapon)
 T - the +8 glaive "Trog's Scorn" {speed, rPois Int+2}
   (You found it in the Desolation of Salt)

   Attacks with this weapon are significantly faster.
   It affects your intelligence (+2).
   It protects you from poison.
 Y - the +6 quarterstaff of the King {spect, rElec}
   (You found it in the Desolation of Salt)

   It retains the spirit of the tree from which it was made.
   In the hands of one skilled in evocations this spirit is drawn out to fight
   along side the wielder.
   It insulates you from electricity.
Missiles
 V - 86 javelins (quivered)
Armour
 a - a +2 pair of gloves of dexterity (worn)
 h - a +2 hat of see invisible (worn)
 r - the +2 pair of boots of Objectivity (worn) {Str+2 Int+2}
   (You acquired it on level 6 of the Lair of Beasts)

   It affects your strength (+2).
   It affects your intelligence (+2).
 E - +6 gold dragon scales (worn)
 K - the +3 cloak of Responsibility (worn) {rN++ Dex+5 Stlth+}
   (You found it on level 2 of the Vaults)

   It affects your dexterity (+5).
   It greatly protects you from negative energy.
   It makes you more stealthy.
 O - the +0 kite shield "Baedwy" {rElec Regen+ MP+9 SInv}
   (Okawaru gifted it to you on level 4 of the Depths)

   It insulates you from electricity.
   It affects your magic capacity (+9).
   It lets you see invisible.
   It increases your rate of regeneration.
 W - the +12 crystal plate armour of Asceticism {+Fly rF- Str+8 Slay+3}
   (Okawaru gifted it to you on level 13 of the Dungeon)

   It affects your strength (+8).
   It affects your accuracy and damage with ranged weapons and melee attacks
   (+3).
   It makes you vulnerable to fire.
   It lets you fly.
Jewellery
 f - the ring of the Echidna {Wiz rPois Dex+3 Stlth+}
   (You found it in the Desolation of Salt)

   [ring of wizardry]

   It improves your spell success rate.
   It affects your dexterity (+3).
   It protects you from poison.
   It makes you more stealthy.
 k - an uncursed ring of ice
 v - the amulet of Ashenzari's Wrath (around neck) {+Inv Regen+ SInv}
   (You found it in the Desolation of Salt)

   [amulet of regeneration]

   It lets you see invisible.
   It lets you turn invisible.
   It increases your rate of regeneration.
 w - the ring "Oviduwn" {+Fly rN+ Str+2}
   (You took it off a tengu reaver on level 2 of the Vaults)

   [ring of positive energy]

   It affects your strength (+2).
   It protects you from negative energy.
   It lets you fly.
 C - the ring "Kegoup" {+Fly rPois SInv}
   (You found it in the Desolation of Salt)

   [ring of flight]

   It protects you from poison.
   It lets you see invisible.
   It lets you fly.
 J - a +4 ring of slaying
 L - the ring "Pawib" (right hand) {rF+ MP+9 Str+2 Slay+3}
   (You found it on level 2 of the Vaults)

   [ring of magical power]

   It affects your strength (+2).
   It affects your accuracy and damage with ranged weapons and melee attacks
   (+3).
   It protects you from fire.
   It affects your magic capacity (+9).
 M - the ring of Xom's Grace (left hand) {MR+ AC+4 SInv}
   (You found it in a Gauntlet)

   [ring of protection]

   It affects your AC (+4).
   It affects your resistance to hostile enchantments.
   It lets you see invisible.
Wands
 b - a wand of disintegration (33)
 G - a wand of digging (14)
 I - a wand of iceblast (34)
 P - a wand of acid (18)
Scrolls
 d - 2 scrolls of amnesia
 j - a scroll of holy word
 l - 9 scrolls of remove curse
 o - 2 scrolls of blinking
 p - 2 scrolls of summoning
 s - 12 scrolls of magic mapping
 x - 15 scrolls of teleportation
 B - a scroll of silence
 N - a scroll of brand weapon
 Q - 4 scrolls of fear
 S - 5 scrolls of fog
 Z - a scroll of identify
Potions
 c - 8 potions of ambrosia
 e - 2 potions of cancellation
 g - 2 potions of invisibility
 i - 2 potions of flight
 n - 10 potions of curing
 q - a potion of magic
 t - 2 potions of brilliance
 D - 3 potions of resistance
 R - 8 potions of haste
Books
 X - a manual of Hexes
Miscellaneous
 y - a tin of tremorstones (3/3)
 z - a tin of tremorstones (3/3)
 A - a tin of tremorstones (3/3)
 U - a tin of tremorstones (3/3)


   Skills:
 + Level 23.2 Fighting
 - Level 21.6 Long Blades
 * Level 19.1 Staves
 - Level 8.2 Throwing
 + Level 17.9 Armour
 + Level 18.6 Dodging
 - Level 10.0 Shields
 + Level 4.4 Hexes
 + Level 10.5 Invocations
 * Level 10.8 Evocations


You had 23 spell levels left.
You didn't know any spells.
Your spell library contained the following spells:

 Spells                   Type           Power        Failure   Level
 Corona                   Hex            #......      71%         1
 Slow                     Hex            #.......     85%         2
 Confusing Touch          Hex            #.......     97%         3
 Tukima's Dance           Hex            #.......     97%         3
 Ensorcelled Hibernation  Hex/Ice        #.....       99%         2
 Animate Skeleton         Necr           #.....       100%        1
 Apportation              Tloc           #.....       100%        1
 Beastly Appendage        Tmut           #.....       100%        1
 Foxfire                  Conj/Fire      #...         100%        1
 Magic Dart               Conj           #...         100%        1
 Pain                     Necr           #...         100%        1
 Sandblast                Erth           #.....       100%        1
 Sting                    Tmut/Pois      #...         100%        1
 Summon Small Mammal      Summ           #...         100%        1
 Blink                    Tloc           N/A          100%        2
 Call Imp                 Summ           #.......     100%        2
 Corpse Rot               Necr/Air       N/A          100%        2
 Passwall                 Tmut/Erth      #.......     100%        2
 Poisonous Vapours        Pois/Air       #.....       100%        2
 Searing Ray              Conj           #.....       100%        2
 Sublimation of Blood     Necr           #.........   100%        2
 Wereblood                Tmut           #.......     100%        2
 Call Canine Familiar     Summ           #.......     100%        3
 Conjure Flame            Conj/Fire      #.......     100%        3
 Dazzling Flash           Conj/Hex       #.....       100%        3
 Ignite Poison            Fire/Tmut/Pois #.......     100%        3
 Inner Flame              Hex/Fire       #.......     100%        3
 Mephitic Cloud           Conj/Pois/Air  #.......     100%        3
 Portal Projectile        Hex/Tloc       #.....       100%        3
 Spider Form              Tmut/Pois      #.........   100%        3
 Static Discharge         Conj/Air       #.......     100%        3
 Stone Arrow              Conj/Erth      #.....       100%        3
 Summon Guardian Golem    Hex/Summ       #.......     100%        3
 Vampiric Draining        Necr           #.........   100%        3
 Airstrike                Air            #.........   100%        4
 Animate Dead             Necr           #.........   100%        4
 Cause Fear               Hex            #.........   100%        4
 Fulminant Prism          Conj/Hex       #.........   100%        4
 Ice Form                 Ice/Tmut       #.......     100%        4
 Iskenderun's Mystic Bla  Conj/Tloc      #.......     100%        4
 Leda's Liquefaction      Hex/Erth       #.........   100%        4
 Olgreb's Toxic Radiance  Pois           #.......     100%        4
 Petrify                  Tmut/Erth      #.......     100%        4
 Sticky Flame             Conj/Fire      #.......     100%        4
 Summon Ice Beast         Ice/Summ       #.......     100%        4
 Summon Lightning Spire   Summ/Air       #.......     100%        4
 Agony                    Necr           #.......     100%        5
 Alistair's Intoxication  Tmut/Pois      #........    100%        5
 Blade Hands              Tmut           #.........   100%        5
 Bolt of Magma            Conj/Fire/Erth #.........   100%        5
 Borgnjor's Vile Clutch   Necr/Erth      #.........   100%        5
 Fireball                 Conj/Fire      #.........   100%        5
 Irradiate                Conj/Tmut      #.........   100%        5
 Iskenderun's Battlesphe  Conj           #.......     100%        5
 Lee's Rapid Deconstruct  Erth           #.........   100%        5
 Lightning Bolt           Conj/Air       #.........   100%        5
 Summon Demon             Summ           #.........   100%        5
 Summon Forest            Summ/Tloc      #.........   100%        5
 Summon Mana Viper        Hex/Summ       #.......     100%        5
 Yara's Violent Unravell  Hex/Tmut       #.........   100%        5
 Conjure Ball Lightning   Conj/Air       #.........   100%        6
 Eringya's Noxious Bog    Tmut/Pois      #.........   100%        6
 Hydra Form               Tmut           #.........   100%        6
 Iron Shot                Conj/Erth      #.........   100%        6
 Shadow Creatures         Summ           N/A          100%        6
 Haunt                    Necr/Summ      #.........   100%        7
 Malign Gateway           Summ/Tloc      #.........   100%        7
 Orb of Destruction       Conj           #.........   100%        7
 Spellforged Servitor     Conj/Summ      #.........   100%        7
 Summon Hydra             Summ           #.........   100%        7
 Borgnjor's Revivificati  Necr           #.........   100%        8
 Ignition                 Fire           #.........   100%        8
 Infestation              Necr           #.........   100%        8
 Necromutation            Tmut/Necr      #.........   100%        8
 Death's Door             Necr           #.........   100%        9
 Shatter                  Erth           #.........   100%        9
 Tornado                  Air            #.........   100%        9


Dungeon Overview and Level Annotations

Branches:
Dungeon (15/15)            Temple (1/1) D:7            Lair (6/6) D:9
 Shoals (4/4) Lair:4       Spider (4/4) Lair:4        Slime (0/5) Lair:5
    Orc (2/2) D:11            Elf (1/3) Orc:2        Vaults (4/5) D:13
  Crypt (0/3) Vaults:2     Depths (5/5) D:15            Zot (0/5) Depths:5
Ossuary (visited)           IceCv (visited)         Volcano (visited)
Desolation (visited)      Gauntlet (visited)

Altars:
Ashenzari
Cheibriados
Dithmenos
Elyvilon
Fedhas
Gozag
Hepliaklqana
Kikubaaqudgha
Makhleb
Nemelex Xobeh
Okawaru
Qazlal
Ru
Sif Muna
Trog
Uskayaw
Vehumet
Wu Jian
Xom
Yredelemnul
Zin
The Shining One

Shops:
D:6 }   D:11 !   Orc:2 }([(*!   Elf:1 (   Shoals:1 *   Vaults:1 =*}*
Vaults:3 *   Vaults:4 *[   Depths:1 }=}

Portals:
Hell: Depths:1 Depths:2 Depths:3 Depths:4 Depths:5
Abyss: Depths:4
Pandemonium: Depths:1 Depths:3
Ziggurat: Depths:5

Annotations:
D:3 3 runed translucent doors, Kinoniko's ghost, amateur OgBe; dracos369's ghost, amateur OgHu; feta's ghost, amateur BaIE
Vaults:3 36 runed doors, MrRokkomies's ghost, adept DrIE


Innate Abilities, Weirdness & Mutations

You reflexively headbutt those who attack you in melee.
You have a pair of horns on your head.


Message History

You set off the alarm!
A sentinel's mark forms upon you.
The deep elf archer shouts!
You hear a shout! x17
A deep elf knight comes into view. It is wielding a +0 short sword.
A deep elf mage comes into view. It is wielding a +0 rapier.
The deep elf knight gestures wildly while chanting.
The deep elf knight seems to speed up.
You hit the deep elf knight.
Your headbutt misses the deep elf knight.
The deep elf knight is lightly wounded.
You miss the deep elf knight. You headbutt the deep elf knight.
The deep elf knight is lightly wounded.
You hit the deep elf knight.
Your headbutt misses the deep elf knight.
The deep elf knight is moderately wounded.
The deep elf knight closely misses you. You furiously retaliate!
You headbutt the deep elf knight!
Quiver which item? (- for none, * to show all) (? for menu, Esc to quit)
Okay, then.
Are you sure you want to abandon this character and quit the game? (Confirm with "yes".)

#,* #..)..#.##..,,,,,******
#.###...#.......,,,,,+,,,,,
#.......#......,,,,,,******
#.#.....#.##.##.,,,,,*
*,#.......#.....,,,,,** **
#...###.#...#,,,,,,,*+** *,
###.........#,,,,,,***,***,
*##..##..#e#.####** **,*,,
#....#.$.@e......,*****+,,
###.,#.###e#e..#.,,,,,*,,,
#.,#.,,,.e.,.#,,,,,,*,,,
#,,#.,,*....e*,**,**,,,,
***#.,,*.......*,,,,,,,,
#.,,,.###.#.,,*,,,**,
**,,*..,,...,,*,*****
*,,*..,**..*,*,* **,
**+***,*,,,,,,,* *,*


You could see a deep elf archer (repels missiles), 2 deep elf knights and 3 deep
elf magi.

Vanquished Creatures
  Mara (Vaults:4)
  2 juggernauts
  Sojobo (Depths:4)
  Boris (Vaults:2)
  Margery (Depths:1)
  Xtahua (Vaults:3)
  Saint Roka (Vaults:2)
  Nikola (Spider:4)
  3 golden dragons
  Jorgrun (Shoals:3)
  4 liches
  Rupert (Orc:2)
  4 tentacled monstrosities (Depths:4)
  A large abomination (Vaults:2)
  2 titans
  A quicksilver dragon (Depths:5)
  4 sphinxes
  A shadow dragon (Depths:5)
  Agnes (D:15)
  5 tengu reavers
  Kirke (Spider:4)
  3 storm dragons
  Ilsuiw (Shoals:3)
  Donald (Spider:4)
  An iron dragon (Depths:4)
  2 ghost moths (Spider:4)
  4 fire giants
  6 frost giants
  Aizul (Spider:3)
  A ghost moth (shapeshifter) (Gauntlet)
  12 vault wardens
  2 deep elf sorcerers
  2 emperor scorpions
  2 angels (Depths:5)
  3 imperial myrmidons (Desolation)
  Louise (Spider:4)
  A draconian shifter (Depths:5)
  31 very ugly things
  2 entropy weavers (Vaults:2)
  2 spriggan defenders
  8 ironheart preservers
  A deep elf annihilator (Depths:4)
  17 stone giants
  A dire elephant (shapeshifter) (Depths:5)
  Azrael (Spider:3)
  3 deep elf demonologists
  3 red draconians
  3 vampire knights
  Snorg (Lair:3)
  A minotaur (Gauntlet)
  2 white draconians (Depths:5)
  2 halazid warlocks (Desolation)
  6 spark wasps
  2 deep elf death magi (Vaults:2)
  8 merfolk javelineers (Shoals:4)
  An eidolon (Vaults:2)
  2 crystal guardians (Desolation)
  A death ooze (Gauntlet)
  9 ettins
  7 ragged hierophants (Desolation)
  5 merfolk impalers
  A jiangshi (Vaults:2)
  10 fire dragons
  13 great orbs of eyes
  3 rakshasas
  Harold (D:8)
  11 vault guards
  Fannar (Lair:1)
  12 yaktaur captains
  7 servants of whispers
  7 spriggan air magi
  10 hydras
  8 peacekeepers
  13 ice dragons
  8 boulder beetles
  3 death knights
  14 centaur warriors
  38 two-headed ogres
  2 dancing weapons (Elf:1)
  6 merfolk avatars
  2 satyrs
  16 ogre magi
  7 deep troll earth magi
  9 merfolk aquamancers
  6 tengu warriors
  4 alligator snapping turtles
  10 deep troll shamans
  A vampire mage (Depths:4)
  8 death yaks
  4 orc high priests (Orc:2)
  10 spriggan berserkers (Depths:3)
  3 spriggans (Depths:3)
  A soul eater (Vaults:2)
  9 hell knights
  10 deep elf knights
  6 shadow wraiths
  An iron troll (Depths:2)
  A fire crab (shapeshifter) (Vaults:1)
  A skeletal warrior (Vaults:2)
  12 sea snakes
  4 unseen horrors
  28 deep trolls
  A flayed ghost (Depths:2)
  7 wizards
  12 deep elf archers
  2 glowing orange brains
  An unseen horror (shapeshifter) (Vaults:1)
  2 phantasmal warriors (Depths:3)
  14 ironbrand convokers
  A harpy (shapeshifter) (Vaults:2)
  7 necromancers
  32 deep elf magi
  A lindwurm (Lair:6)
  16 harpies
  40 ugly things
  13 orc knights
  22 orb spiders
  3 orc sorcerers
  A salamander (Depths:2)
  17 manticores
  17 fauns
  35 wolf spiders
  7 cyclopes
  2 salamanders (shapeshifter)
  A moth of wrath (Spider:4)
  10 merfolk sirens
  6 black mambas
  5 elephants
  3 ice statues (IceCv)
  14 vault sentinels
  A guardian serpent (shapeshifter) (Vaults:1)
  2 gargoyles (D:13)
  A guardian serpent (Desolation)
  A water nymph (shapeshifter) (Depths:3)
  3 torpor snails
  3 water nymphs
  A cane toad (shapeshifter) (Gauntlet)
  4 molten gargoyles
  6 centaur skeletons
  7 cane toads
  A hellion (Depths:2)
  A kobold demonologist (D:15)
  16 komodo dragons
  45 yaktaurs
  3 freezing wraiths
  A red devil (Depths:2)
  An efreet (D:15)
  4 rime drakes
  12 demonic crawlers
  A human skeleton (Vaults:1)
  6 ice devils (IceCv)
  2 queen bees
  2 tengu conjurers
  5 wind drakes
  7 trolls
  42 jumping spiders
  A hornet (shapeshifter) (Vaults:4)
  6 meliai
  23 merfolk
  12 hornets
  A blink frog (shapeshifter) (Depths:2)
  A meliai zombie (D:15)
  57 saltlings
  A frost giant simulacrum (Vaults:2)
  11 snapping turtles
  13 blink frogs
  52 slime creatures
  9 dream sheep
  A vampire (D:14)
  24 tarantellas
  51 redbacks
  2 shadows
  Sigmund (D:2)
  2 fire bats (Volcano)
  A tarantella (shapeshifter) (Elf:1)
  17 water elementals
  A wyvern (shapeshifter) (Gauntlet)
  14 wyverns
  57 yaks
  A yak (shapeshifter) (Depths:1)
  2 wraiths
  A neqoxec (Gauntlet)
  2 steam dragons
  6 basilisks
  4 hogs (Spider:4)
  2 chaos spawn (Gauntlet)
  2 vampire mosquitoes (D:15)
  6 fire elementals
  9 wargs
  Edmund (D:5)
  An acid dragon (Vaults:1)
  7 hell hounds
  A soldier ant (shapeshifter) (Depths:5)
  12 water moccasins
  A floating eye (Depths:3)
  A black bear (shapeshifter) (Depths:2)
  A floating eye (shapeshifter) (Depths:2)
  2 sky beasts (shapeshifter)
  5 sky beasts
  36 orc warriors
  11 ice beasts
  2 black bears
  An orc zombie (Vaults:1)
  3 eyes of draining (D:13)
  7 phantoms
  A necrophage (D:11)
  6 wolves
  15 boggarts
  39 ogres
  18 centaurs
  2 big kobolds
  18 bullfrogs
  2 human zombies (Vaults:1)
  An earth elemental (Elf:1)
  A water moccasin skeleton (D:6)
  A wyvern skeleton (D:11)
  8 scorpions
  49 killer bees
  11 wights
  5 electric eels
  5 howler monkeys
  2 quasits
  10 lava snakes
  4 centaur zombies
  A bullfrog skeleton (D:8)
  4 jellies
  A jelly (shapeshifter) (Vaults:2)
  8 iguanas
  28 orc priests
  7 hounds
  31 orc wizards
  3 hell rats (Lair:1)
  2 spriggan simulacra (IceCv)
  2 troll simulacra (IceCv)
  13 worker ants
  4 centaur simulacra (IceCv)
  A hound zombie (D:5)
  3 mummies (Ossuary)
  2 hound skeletons
  2 worker ant zombies
  14 adders
  7 gnolls
  2 naga simulacra (IceCv)
  6 river rats
  3 shadow imps
  4 white imps
  2 ufetubi
  An ooze (D:6)
  4 adder zombies (Ossuary)
  2 adder skeletons
  5 worms
  2 dart slugs
  4 leopard geckos
  77 orcs
  12 giant cockroaches
  6 goblins
  12 hobgoblins
  8 jackals
  8 quokkas
  10 bats
  6 frilled lizards
  5 goblin zombies (Ossuary)
  2 hobgoblin zombies (Ossuary)
  A jackal zombie (D:5)
  20 kobolds
  2 kobold zombies (Ossuary)
  2 quokka skeletons
  5 quokka zombies
  13 rats
  A rat zombie (Ossuary)
  3 crawling corpses (Vaults:2)
2035 creatures vanquished.

Vanquished Creatures (collateral kills)
  A wyvern (D:9)
  An adder (D:9)
2 creatures vanquished.

Vanquished Creatures (others)
  A ragged hierophant (Desolation)
  A deep elf archer (Vaults:2)
  2 wolf spiders
  A jumping spider (Spider:1)
  A redback (Spider:3)
  A vampire (D:15)
  3 tarantellas
  2 water elementals (Shoals:1)
  2 humans (Spider:4)
  A boggart (Vaults:1)
  A wyvern zombie (D:9)
  A killer bee (Lair:4)
  An orc priest (Orc:2)
  An adder skeleton (D:9)
  37 fungi
  100 plants
156 creatures vanquished.

Grand Total: 2193 creatures vanquished

Notes
Turn   | Place    | Note
-------+----------+-------------------------------------------
     0 | D:1      | Kinoniko the Minotaur Gladiator began the quest for the
                  | Orb.
     0 | D:1      | Reached XP level 1. HP: 18/18 MP: 0/0
   386 | D:1      | Reached XP level 2. HP: 25/25 MP: 1/1
   704 | D:1      | Reached skill level 5 in Long Blades
  1073 | D:2      | Reached XP level 3. HP: 30/30 MP: 2/2
  1098 | D:2      | Noticed Sigmund
  1114 | D:2      | Killed Sigmund
  1114 | D:2      | Reached XP level 4. HP: 3/37 MP: 3/3
  1114 | D:2      | Reached XP level 5. HP: 3/42 MP: 4/4
  1452 | D:2      | Found a basalt altar of Yredelemnul.
  2529 | D:3      | Reached XP level 6. HP: 14/50 MP: 5/5
  2791 | D:3      | Found a runed translucent gate.
  2791 | D:3      | Found a runed translucent gate.
  2791 | D:3      | Found a runed translucent gate.
  2791 | D:3      | Noticed dracos369's ghost (amateur OgHu)
  2791 | D:3      | Noticed Kinoniko's ghost (amateur OgBe)
  2792 | D:3      | Noticed feta's ghost (amateur BaIE)
  2853 | D:3      | Found a bloodstained altar of Trog.
  2854 | D:3      | Found a glowing silver altar of Zin.
  2870 | D:3      | Found a stormy altar of Qazlal.
  2880 | D:3      | Found a broken altar of Ashenzari.
  2880 | D:3      | Found a blossoming altar of Fedhas.
  2880 | D:3      | Found a hazy altar of Hepliaklqana.
  2883 | D:3      | Found a glowing golden altar of the Shining One.
  2884 | D:3      | Found a sparkling altar of Nemelex Xobeh.
  2910 | D:3      | Found a blossoming altar of Fedhas.
  3088 | D:3      | You fall into a shaft and drop 3 floors!
  3124 | D:6      | Reached skill level 5 in Dodging
  3488 | D:6      | Reached XP level 7. HP: 24/56 MP: 6/6
  3637 | D:5      | Entered Level 5 of the Dungeon
  5256 | D:4      | Reached skill level 10 in Long Blades
  5256 | D:4      | Reached XP level 8. HP: 37/62 MP: 7/7
  6024 | D:5      | Noticed Edmund
  6025 | D:5      | Found a white marble altar of Elyvilon.
  6040 | D:5      | Killed Edmund
  7023 | D:6      | Found Yfoqiyrch's Gadget Shoppe.
  7465 | D:7      | Reached XP level 9. HP: 62/68 MP: 8/8
  7956 | D:7      | Reached skill level 3 in Fighting
  8197 | D:7      | Found a staircase to the Ecumenical Temple.
  8638 | D:8      | Found a sand-covered staircase.
  8643 | Ossuary  | Entered an ossuary
  8654 | Ossuary  | Reached skill level 4 in Fighting
  8904 | D:8      | Found an ancient bone altar of Kikubaaqudgha.
  8982 | D:8      | Noticed Harold
  8985 | D:8      | Paralysed by Harold for 5 turns
  9014 | D:8      | Killed Harold
  9014 | D:8      | Reached skill level 5 in Fighting
  9014 | D:8      | Reached XP level 10. HP: 17/81 MP: 9/9
  9848 | D:8      | Found a shadowy altar of Dithmenos.
  9979 | Temple   | Entered the Ecumenical Temple
 10173 | Temple   | Became a worshipper of Warmaster Okawaru
 10406 | D:9      | Reached skill level 6 in Fighting
 10429 | D:9      | Reached * piety under Okawaru
 10609 | D:9      | Found an iron altar of Okawaru.
 10755 | D:9      | Reached skill level 1 in Armour
 10766 | D:9      | Reached skill level 7 in Fighting
 10766 | D:9      | Reached skill level 10 in Dodging
 10981 | D:9      | Found a staircase to the Lair.
 10983 | D:9      | Reached ** piety under Okawaru
 11222 | D:10     | Entered Level 10 of the Dungeon
 11417 | D:9      | Reached skill level 8 in Fighting
 11419 | D:9      | Reached skill level 1 in Invocations
 11880 | D:10     | Killed an unseen horror
 11880 | D:10     | Reached XP level 11. HP: 24/95 MP: 11/11
 12172 | D:10     | Reached *** piety under Okawaru
 12286 | D:10     | Reached skill level 9 in Fighting
 12488 | D:10     | Noticed a two-headed ogre
 12495 | D:10     | Killed a two-headed ogre
 13338 | D:11     | Found Jubep's Distillery.
 13348 | D:11     | Bought a potion of curing for 48 gold pieces
 13348 | D:11     | Bought a potion of haste for 160 gold pieces
 13348 | D:11     | Bought a potion of curing for 48 gold pieces
 13348 | D:11     | Bought a potion of berserk rage for 80 gold pieces
 13348 | D:11     | Bought a potion of haste for 160 gold pieces
 13353 | D:11     | Noticed a two-headed ogre
 13353 | D:11     | Noticed a two-headed ogre
 13362 | D:11     | Killed a two-headed ogre
 13365 | D:11     | Killed a two-headed ogre
 13365 | D:11     | Reached skill level 5 in Armour
 13371 | D:11     | Reached skill level 10 in Fighting
 13594 | D:11     | Reached **** piety under Okawaru
 13680 | D:11     | Found a staircase to the Orcish Mines.
 13816 | D:11     | Killed an unseen horror
 13978 | D:11     | Noticed a two-headed ogre
 13990 | D:11     | Killed a two-headed ogre
 14043 | D:11     | Reached ***** piety under Okawaru
 14130 | D:11     | Reached skill level 11 in Fighting
 14283 | D:12     | Found a broken altar of Ashenzari.
 14371 | D:12     | Noticed a five-headed hydra
 14466 | Lair:1   | Entered Level 1 of the Lair of Beasts
 14536 | Lair:1   | Noticed a five-headed hydra
 14544 | Lair:1   | Killed a seven-headed hydra
 14544 | Lair:1   | Reached XP level 12. HP: 110/110 MP: 14/14
 14593 | Lair:1   | Found a dark tunnel.
 14603 | Volcano  | Entered a volcano
 15401 | Volcano  | Found a bloodstained altar of Trog.
 15401 | Volcano  | Noticed a two-headed ogre
 15401 | Volcano  | Noticed a two-headed ogre
 15401 | Volcano  | Noticed an ogre mage
 15401 | Volcano  | Noticed a two-headed ogre
 15407 | Volcano  | Killed a two-headed ogre
 15407 | Volcano  | Reached skill level 5 in Invocations
 15422 | Volcano  | Killed a two-headed ogre
 15431 | Volcano  | Killed an ogre mage
 15432 | Volcano  | Noticed a two-headed ogre
 15443 | Volcano  | Killed a two-headed ogre
 15448 | Volcano  | Killed a two-headed ogre
 15448 | Volcano  | Reached skill level 12 in Fighting
 15776 | Volcano  | Noticed a red draconian
 15788 | Volcano  | Killed a red draconian
 15788 | Volcano  | Received a gift from Okawaru
 16179 | Lair:1   | Noticed an eight-headed hydra
 16181 | Lair:1   | Killed a nine-headed hydra
 16340 | Lair:1   | Noticed an eight-headed hydra
 16348 | Lair:1   | Noticed Fannar
 16351 | Lair:1   | Killed an eight-headed hydra
 16382 | Lair:1   | Killed Fannar
 16982 | Lair:2   | Noticed a boulder beetle
 17005 | Lair:2   | Killed a boulder beetle
 17005 | Lair:2   | Received a gift from Okawaru
 17021 | Lair:2   | Found a gate leading to a gauntlet.
 17041 | Lair:2   | Reached skill level 13 in Fighting
 17077 | Lair:2   | Reached XP level 13. HP: 121/122 MP: 16/16
 17167 | Gauntlet | Entered a Gauntlet
 17167 | Gauntlet | Found a transporter.
 17171 | Gauntlet | Noticed a death ooze
 17176 | Gauntlet | Found a transporter.
 17178 | Gauntlet | Found a transporter.
 17198 | Gauntlet | Found a transporter.
 17200 | Gauntlet | Found a transporter.
 17202 | Gauntlet | Noticed a green death
 17223 | Gauntlet | Found a transporter.
 17230 | Gauntlet | Found a transporter.
 17238 | Gauntlet | Found a runed translucent door.
 17240 | Gauntlet | Found a transporter.
 17242 | Gauntlet | Found a runed translucent door.
 17247 | Gauntlet | Found a transporter.
 17248 | Gauntlet | Found a transporter.
 17250 | Gauntlet | Found a runed translucent door.
 17261 | Gauntlet | Found a transporter.
 17267 | Gauntlet | Found a transporter.
 17300 | Gauntlet | Found a transporter.
 17315 | Gauntlet | Found a transporter.
 17386 | Gauntlet | Killed a death ooze
 17386 | Gauntlet | Reached skill level 1 in Shields
 17521 | Gauntlet | Killed a ghost moth
 17541 | Gauntlet | Got a clouded copper ring
 17544 | Gauntlet | Identified the ring of Xom's Grace {MR+ AC+4 SInv} (You
                  | found it in a Gauntlet)
 17696 | Gauntlet | Noticed a minotaur
 17707 | Gauntlet | Killed a minotaur
 17719 | Gauntlet | Identified Sif Muna's Almanac of the Volcanoes and
                  | Necromancy
 18696 | Lair:3   | Noticed Snorg
 18716 | Lair:3   | Killed Snorg
 19048 | Lair:3   | Reached skill level 5 in Shields
 19298 | Lair:4   | Found a hole to the Spider Nest.
 19310 | Lair:4   | Reached skill level 14 in Fighting
 19408 | Lair:4   | Reached skill level 10 in Armour
 19714 | Lair:4   | Received a gift from Okawaru
 19914 | Lair:4   | Reached ****** piety under Okawaru
 20120 | Lair:4   | Received a gift from Okawaru
 20144 | Lair:4   | Got a transparent triple sword {god gift}
 20154 | Lair:4   | Identified the +0 triple sword of Afucw {freeze, Str+3
                  | Stlth+} (Okawaru gifted it to you on level 4 of the Lair of
                  | Beasts)
 20296 | Lair:4   | Reached XP level 14. HP: 132/133 MP: 17/17
 20581 | Lair:4   | Found a staircase to the Shoals.
 20834 | Lair:5   | Found a staircase to the Slime Pits.
 21768 | Lair:6   | Entered Level 6 of the Lair of Beasts
 21960 | Lair:6   | Received a gift from Okawaru
 21971 | Lair:6   | Reached skill level 15 in Fighting
 22033 | Lair:6   | Got a dazzling crystal plate armour {god gift}
 22245 | Lair:6   | Identified the +0 crystal plate armour of Prudence {rN+
                  | MR++ Int-2} (Okawaru gifted it to you on level 6 of the
                  | Lair of Beasts)
 22625 | Lair:6   | Reached skill level 15 in Long Blades
 22729 | Lair:6   | Reached skill level 5 in Throwing
 22731 | Lair:6   | Found a large runed translucent door.
 22812 | Lair:6   | Found a large runed translucent door.
 23427 | Lair:6   | Identified a scroll of acquirement
 23428 | Lair:6   | Acquired the +2 pair of boots of Objectivity {Str+2 Int+2}
 23714 | D:12     | Received a gift from Okawaru
 23933 | D:12     | Received a gift from Okawaru
 24163 | D:12     | Paralysed by a hornet for 3 turns
 24434 | D:13     | Received a gift from Okawaru
 24461 | D:13     | Reached XP level 15. HP: 92/143 MP: 1/18
 24470 | D:13     | Received a gift from Okawaru
 24892 | D:13     | Reached skill level 16 in Fighting
 24907 | D:13     | Found a gate to the Vaults.
 24922 | D:13     | Received a gift from Okawaru
 24925 | D:13     | Got a heavily runed crystal plate armour {god gift}
 24929 | D:13     | Identified the +12 crystal plate armour of Asceticism {+Fly
                  | rF- Str+8 Slay+3} (Okawaru gifted it to you on level 13 of
                  | the Dungeon)
 25375 | D:14     | Found a shimmering blue altar of Sif Muna.
 26092 | D:15     | Entered Level 15 of the Dungeon
 26618 | D:15     | Found a staircase to the Depths.
 26690 | D:15     | Received a gift from Okawaru
 26698 | D:15     | Noticed Agnes
 26699 | D:15     | Received a gift from Okawaru
 26713 | D:15     | Killed Agnes
 27587 | Shoals:1 | Entered Level 1 of the Shoals
 27850 | Spider:1 | Entered Level 1 of the Spider Nest
 27876 | Spider:1 | Reached skill level 17 in Fighting
 27877 | Spider:1 | Reached XP level 16. HP: 155/155 MP: 19/19
 27987 | Spider:1 | Received a gift from Okawaru
 28923 | Spider:2 | Received a gift from Okawaru
 30019 | Spider:3 | Noticed Aizul
 30019 | Spider:3 | Noticed Azrael
 30042 | Spider:3 | Killed Aizul
 30044 | Spider:3 | Killed Azrael
 30044 | Spider:3 | Reached skill level 18 in Fighting
 30411 | Spider:3 | Reached skill level 15 in Dodging
 30952 | Spider:3 | Received a gift from Okawaru
 31201 | Spider:4 | Entered Level 4 of the Spider Nest
 31725 | Spider:4 | Reached XP level 17. HP: 166/166 MP: 0/20
 31961 | Spider:4 | Noticed Kirke
 31962 | Spider:4 | Noticed Louise
 31971 | Spider:4 | Killed Louise
 31973 | Spider:4 | Killed Kirke
 32060 | Spider:4 | Got a polished leather armour
 32071 | Spider:4 | Identified the +3 leather armour of Omairyli {rF+} (You
                  | found it on level 4 of the Spider Nest)
 32087 | Spider:4 | Received a gift from Okawaru
 32112 | Spider:4 | Identified the +1 pair of gloves of the Wilderness {Str+4}
 32112 | Spider:4 | Noticed Nikola
 32113 | Spider:4 | Noticed Donald
 32125 | Spider:4 | Killed Donald
 32138 | Spider:4 | Killed Nikola
 33227 | Spider:4 | Got a gossamer rune of Zot
 33395 | Shoals:1 | Reached skill level 19 in Fighting
 34043 | Shoals:1 | Found Kucops's Island Escapes.
 34166 | Shoals:1 | Bought a wand of digging (5) for 360 gold pieces
 34166 | Shoals:1 | Bought 2 potions of invisibility for 320 gold pieces
 34166 | Shoals:1 | Bought a potion of flight for 60 gold pieces
 34166 | Shoals:1 | Bought a scroll of teleportation for 60 gold pieces
 34166 | Shoals:1 | Bought a scroll of fog for 40 gold pieces
 34166 | Shoals:1 | Bought a scroll of blinking for 150 gold pieces
 34870 | Shoals:2 | Received a gift from Okawaru
 35192 | Shoals:3 | Noticed Ilsuiw
 35221 | Shoals:3 | Received a gift from Okawaru
 35229 | Shoals:3 | Killed Ilsuiw
 35237 | Shoals:3 | Identified the +1 chain mail of Pojal {+Blink rC- rN+++
                  | Str-2} (Okawaru gifted it to you on level 3 of the Shoals)
 35398 | Shoals:3 | Noticed Jorgrun
 35424 | Shoals:3 | Killed Jorgrun
 35429 | Shoals:3 | Reached XP level 18. HP: 156/178 MP: 21/21
 35912 | Shoals:4 | Entered Level 4 of the Shoals
 36660 | Shoals:4 | Reached skill level 20 in Fighting
 36682 | Shoals:4 | Got a distressingly furry scale mail
 36693 | Shoals:4 | Identified the +0 scale mail "Desen" {Harm rElec rC+} (You
                  | found it on level 4 of the Shoals)
 37620 | Shoals:4 | Received a gift from Okawaru
 37646 | Shoals:4 | Got a barnacled rune of Zot
 38620 | Depths:1 | Entered Level 1 of the Depths
 38628 | Depths:1 | Found a one-way gate leading to the halls of Pandemonium.
 38947 | Depths:1 | Received a gift from Okawaru
 38967 | Depths:1 | Reached skill level 15 in Armour
 38974 | Depths:1 | Noticed Margery
 38999 | Depths:1 | Killed Margery
 39240 | Depths:1 | Acquired a +2 triple sword of holy wrath
 39324 | Depths:1 | Found Ufogierph's Gadget Shop.
 39324 | Depths:1 | Found Woloimma's Jewellery Emporium.
 39325 | Depths:1 | Found Qyziptu's Gadget Shop.
 39414 | Depths:1 | Found a gateway to Hell.
 39675 | Depths:2 | Reached XP level 19. HP: 188/188 MP: 22/22
 39842 | Depths:2 | Reached skill level 21 in Fighting
 40485 | Depths:2 | Received a gift from Okawaru
 40865 | Depths:2 | Received a gift from Okawaru
 40994 | Depths:2 | Noticed a lich
 40998 | Depths:2 | Found a runed translucent door.
 41029 | Depths:2 | Killed a lich
 41030 | Depths:2 | Received a gift from Okawaru
 41167 | Depths:2 | Received a gift from Okawaru
 41659 | Depths:2 | Identified Cicodd's Papyrus of Transmutation and Venom
 41692 | Depths:2 | Noticed a golden dragon
 41703 | Depths:2 | Killed a golden dragon
 41703 | Depths:2 | Received a gift from Okawaru
 42393 | Depths:3 | Noticed a golden dragon
 42401 | Depths:3 | Killed a golden dragon
 42401 | Depths:3 | Received a gift from Okawaru
 42401 | Depths:3 | Reached skill level 1 in Evocations
 42556 | Depths:3 | Received a gift from Okawaru
 42558 | Depths:3 | Found the +8 Wrath of Trog {antimagic, *Rage}
 42811 | Depths:3 | Reached XP level 20. HP: 166/200 MP: 24/24
 43159 | Depths:3 | Noticed a juggernaut
 43173 | Depths:3 | Killed a juggernaut
 43181 | Depths:3 | Reached skill level 22 in Fighting
 43189 | Depths:3 | Received a gift from Okawaru
 43402 | Depths:3 | Noticed a golden dragon
 43415 | Depths:3 | Killed a golden dragon
 44201 | Depths:3 | Paralysed by a floating eye for 4 turns
 44302 | Depths:3 | Identified Itatoixt's Grimoire of Hurtful Lightness
 44471 | Depths:4 | Reached skill level 5 in Evocations
 44483 | Depths:4 | Noticed Sojobo
 44501 | Depths:4 | Reached skill level 1 in Staves
 44516 | Depths:4 | Killed Sojobo
 45073 | Depths:4 | Reached skill level 5 in Staves
 45089 | Depths:4 | Received a gift from Okawaru
 45096 | Depths:4 | Got an ancient great sword {god gift}
 45097 | Depths:4 | Identified the +4 great sword of Okawaru's Anger {flame,
                  | *Corrode rC++} (Okawaru gifted it to you on level 4 of the
                  | Depths)
 45697 | Depths:4 | Found a one-way gate to the infinite horrors of the Abyss.
 46152 | Depths:4 | Reached skill level 10 in Staves
 46152 | Depths:4 | Reached XP level 21. HP: 209/209 MP: 18/25
 46154 | Depths:4 | Received a gift from Okawaru
 46423 | Depths:4 | Got a dazzling kite shield {god gift}
 46580 | Depths:4 | Identified the +0 kite shield "Baedwy" {rElec Regen+ MP+9
                  | SInv} (Okawaru gifted it to you on level 4 of the Depths)
 46664 | Depths:5 | Entered Level 5 of the Depths
 47528 | Depths:5 | Noticed a juggernaut
 47784 | Depths:4 | Killed a juggernaut
 49077 | Depths:5 | Reached skill level 15 in Staves
 49084 | Depths:5 | Received a gift from Okawaru
 49300 | Depths:5 | Found a gateway to a ziggurat.
 49827 | Depths:5 | Found a gate to the Realm of Zot.
 50249 | Vaults:1 | Entered Level 1 of the Vaults
 50293 | Vaults:1 | Found Isuteank's Jewellery Shop.
 50499 | Vaults:1 | Found Naas's Assorted Antiques.
 50505 | Vaults:1 | Bought a scroll of identify for 80 gold pieces
 50505 | Vaults:1 | Bought a metal-bound book for 600 gold pieces
 50505 | Vaults:1 | Bought a hardcover book for 600 gold pieces
 50505 | Vaults:1 | Bought a scroll of remove curse for 120 gold pieces
 50505 | Vaults:1 | Bought a scroll of identify for 80 gold pieces
 50638 | Vaults:1 | Found Cosum's Assorted Antiques.
 50951 | Vaults:1 | Found Ulufon's Gadget Shop.
 51051 | Vaults:1 | Reached skill level 10 in Shields
 51165 | Vaults:1 | Reached XP level 22. HP: 194/217 MP: 27/27
 51171 | Vaults:1 | Received a gift from Okawaru
 52349 | Orc:1    | Entered Level 1 of the Orcish Mines
 52416 | Orc:1    | Found a frozen archway.
 52441 | IceCv    | Entered an ice cave
 52813 | IceCv    | Got a jewelled battleaxe
 53290 | Orc:2    | Entered Level 2 of the Orcish Mines
 53317 | Orc:2    | Noticed Rupert
 53340 | Orc:2    | Killed Rupert
 53342 | Orc:2    | Received a gift from Okawaru
 53585 | Orc:2    | Found Iphurixe's Gadget Shoppe.
 53605 | Orc:2    | Found Pokohoi's Distillery.
 53628 | Orc:2    | Found a staircase to the Elven Halls.
 53652 | Orc:2    | Bought a potion of heal wounds for 75 gold pieces
 53652 | Orc:2    | Bought a potion of curing for 45 gold pieces
 53652 | Orc:2    | Bought a potion of haste for 150 gold pieces
 53652 | Orc:2    | Bought a potion of heal wounds for 75 gold pieces
 53797 | Orc:2    | Found Eprom's Assorted Antiques.
 53797 | Orc:2    | Found Ihubriwoge's Weapon Boutique.
 53797 | Orc:2    | Found Utoqaemo's Weapon Shop.
 54014 | Orc:2    | Found Meisyt Qabb's Armour Boutique.
 54428 | Orc:2    | Found Juhyvaos's Magic Scroll Shop.
 54431 | Orc:2    | Bought a scroll of enchant armour for 105 gold pieces
 54431 | Orc:2    | Bought a scroll of identify for 28 gold pieces
 54431 | Orc:2    | Bought a scroll of identify for 28 gold pieces
 54431 | Orc:2    | Bought a scroll of remove curse for 42 gold pieces
 54431 | Orc:2    | Bought a scroll of brand weapon for 280 gold pieces
 54431 | Orc:2    | Bought a scroll of identify for 28 gold pieces
 54431 | Orc:2    | Bought a scroll of enchant armour for 105 gold pieces
 54431 | Orc:2    | Bought a scroll of fear for 49 gold pieces
 55246 | Vaults:2 | Got a crude lapis lazuli ring
 55263 | Vaults:2 | Identified the +11 battleaxe "Vataen" {venom, *Corrode rC+
                  | MR+} (You found it in an ice cave)
 55264 | Vaults:2 | Identified the ring "Pawib" {rF+ MP+9 Str+2 Slay+3} (You
                  | found it on level 2 of the Vaults)
 55325 | Vaults:2 | Received a gift from Okawaru
 55469 | Vaults:2 | Got a masterwork crystal plate armour {god gift}
 55470 | Vaults:2 | Identified the +12 crystal plate armour of the Trombone
                  | {Dex+2} (Okawaru gifted it to you on level 2 of the Vaults)
 55655 | Vaults:2 | Noticed Boris
 55673 | Vaults:2 | Killed Boris
 56591 | Vaults:2 | Noticed Saint Roka
 56610 | Vaults:2 | Killed Saint Roka
 56899 | Vaults:2 | Identified the ring "Oviduwn" {+Fly rN+ Str+2}
 57232 | Vaults:2 | Got a jewelled cloak
 57233 | Vaults:2 | Identified the +3 cloak of Responsibility {rN++ Dex+5
                  | Stlth+} (You found it on level 2 of the Vaults)
 57491 | Vaults:2 | Found a staircase to the Crypt.
 57591 | Vaults:3 | Found Worelolu's Assorted Antiques.
 57613 | Vaults:3 | Reached XP level 23. HP: 225/225 MP: 29/29
 57632 | Vaults:3 | Bought a potion of invisibility for 280 gold pieces
 57632 | Vaults:3 | Bought a scroll of enchant weapon for 262 gold pieces
 57894 | Vaults:3 | Received a gift from Okawaru
 57973 | Vaults:3 | Found a huge runed gate.
 57973 | Vaults:3 | Found a huge runed gate.
 57973 | Vaults:3 | Found a huge runed gate.
 57973 | Vaults:3 | Found a huge runed gate.
 57973 | Vaults:3 | Found a huge runed gate.
 57973 | Vaults:3 | Found a huge runed gate.
 57973 | Vaults:3 | Found a huge runed gate.
 57974 | Vaults:3 | Found a huge runed gate.
 57974 | Vaults:3 | Found a huge runed gate.
 57974 | Vaults:3 | Found a huge runed gate.
 57975 | Vaults:3 | Found a huge runed gate.
 57976 | Vaults:3 | Found a huge runed gate.
 57977 | Vaults:3 | Found a huge runed gate.
 57978 | Vaults:3 | Found a huge runed gate.
 57979 | Vaults:3 | Found a huge runed gate.
 57987 | Vaults:3 | Found a huge runed gate.
 57987 | Vaults:3 | Found a huge runed gate.
 57987 | Vaults:3 | Found a huge runed gate.
 57987 | Vaults:3 | Found a huge runed gate.
 57987 | Vaults:3 | Found a huge runed gate.
 57987 | Vaults:3 | Found a huge runed gate.
 57987 | Vaults:3 | Found a huge runed gate.
 57988 | Vaults:3 | Found a huge runed gate.
 57989 | Vaults:3 | Found a huge runed gate.
 57997 | Vaults:3 | Found a huge runed gate.
 57997 | Vaults:3 | Found a huge runed gate.
 57997 | Vaults:3 | Found a huge runed gate.
 57997 | Vaults:3 | Found a huge runed gate.
 57997 | Vaults:3 | Found a huge runed gate.
 57997 | Vaults:3 | Found a huge runed gate.
 57997 | Vaults:3 | Found a huge runed gate.
 57998 | Vaults:3 | Found a huge runed gate.
 57999 | Vaults:3 | Found a huge runed gate.
 58007 | Vaults:3 | Found a huge runed gate.
 58007 | Vaults:3 | Found a huge runed gate.
 58007 | Vaults:3 | Found a huge runed gate.
 58149 | Vaults:3 | Found a large runed translucent door.
 58149 | Vaults:3 | Found a large runed translucent door.
 58149 | Vaults:3 | Found a large runed translucent door.
 58149 | Vaults:3 | Found a large runed translucent door.
 58149 | Vaults:3 | Found a large runed translucent door.
 58149 | Vaults:3 | Found a large runed translucent door.
 58149 | Vaults:3 | Found a large runed translucent door.
 58149 | Vaults:3 | Found a large runed translucent door.
 58149 | Vaults:3 | Noticed MrRokkomies's ghost (adept DrIE)
 58206 | Vaults:3 | Acquired a manual of Hexes
 58475 | Vaults:3 | Noticed Xtahua
 58484 | Vaults:3 | Killed Xtahua
 58484 | Vaults:3 | Reached skill level 1 in Hexes
 59262 | Vaults:4 | Noticed Mara
 59279 | Vaults:4 | Killed Mara
 59915 | Vaults:4 | Reached skill level 23 in Fighting
 60342 | Vaults:4 | Found Binnuer's Antique Armour Emporium.
 60351 | Vaults:4 | Bought a jewelled cloak for 332 gold pieces
 60351 | Vaults:4 | Identified the cursed +0 cloak of the Skies Above {rF+
                  | Stlth+} (You bought it in a shop on level 4 of the Vaults)
 60649 | Vaults:4 | Reached skill level 10 in Invocations
 60654 | Vaults:4 | Received a gift from Okawaru
 60811 | Vaults:4 | Reached skill level 10 in Evocations
 61018 | Vaults:4 | Found Oxiefu's General Store.
 61261 | Elf:1    | Entered Level 1 of the Elven Halls
 61267 | Elf:1    | Found Pyistup's Antique Weapon Shop.
 61289 | Elf:1    | Found a ruined gateway.
 61300 | Desolati | Entered the Desolation of Salt
 62066 | Desolati | Identified Sif Muna's Volume of Moulding
 62072 | Desolati | Got a shimmering spear
 62170 | Desolati | Identified the +3 spear "Ufip" {freeze, rF+ rC++ Str-5}
                  | (You found it in the Desolation of Salt)
 62172 | Desolati | Identified the +8 glaive "Trog's Scorn" {speed, rPois
                  | Int+2} (You found it in the Desolation of Salt)
 62181 | Desolati | Identified the amulet of Ashenzari's Wrath {+Inv Regen+
                  | SInv} (You found it in the Desolation of Salt)
 62206 | Desolati | Identified the +6 quarterstaff of the King {spect, rElec}
                  | (You found it in the Desolation of Salt)
 62386 | Desolati | Identified the Almanac of Destructive Transmutation
 62392 | Desolati | Identified the ring "Kegoup" {+Fly rPois SInv} (You found
                  | it in the Desolation of Salt)
 62398 | Desolati | Identified the ring of the Echidna {Wiz rPois Dex+3 Stlth+}
                  | (You found it in the Desolation of Salt)
 62412 | Desolati | Identified Cisez's Catalogue of Mutagenic Summoning
 62696 | Desolati | Upgraded the game from 0.26-a0-663-g36e8fdb655 to
                  | 0.26-a0-664-gc8b27b8fc1
 62784 | Elf:1    | Received a gift from Okawaru
 62786 | Elf:1    | Reached XP level 24. HP: 217/235 MP: 29/29
 63190 | Elf:1    | Quit the game

Illustrated notes

Levels and vault maps discovered:
D:1:      kilobyte_arrival_exit_the_forest, layout_basic
D:2:      layout_loops_corners, yredelemnul_altar_generic, kennysheep_potato,
          uniq_sigmund
D:3:      layout_basic, grunt_temple_overflow_open, gammafunk_ghost_cemetery,
          fedhas_altar_3
D:4:      layout_basic
D:5:      layout_basic, basic_altar, uniq_edmund
D:6:      layout_cave_pools, serial_shops, shop
D:7:      minmay_bubble_buster, layout_rooms, minmay_temple_entry_slanted
D:8:      layout_rooms, nicolae_overflow_crystal_walls,
          nicolae_dithmenos_the_darkroom, enter_ossuary_2,
          minmay_quadrilaterals, uniq_harold
D:9:      layout_cave_pods, grunt_lair_entry_orc_guard_hut, basic_altar,
          lemuel_flame_loot_1
D:10:     layout_rooms
D:11:     layout_roguey, minmay_orc_entry_guard_dogs, serial_shops, shop
D:12:     layout_stronghold, basic_altar, st_stairs_14,
          minmay_misc_feat_encased, minivault_26
D:13:     layout_gridville, grunt_vaults_entry_fortified, minmay_joined_circles
D:14:     layout_basic, basic_altar, serial_park_tiny_pond
D:15:     hangedman_depths_entry_civil_slaughter, layout_gridville,
          chequers_big_river, uniq_agnes
Temple:   minmay_temple_curvy_loop
Lair:1:   layout_gridlike, lightli_volcano_entry_magma_tube,
          kennysheep_abandoned_house, uniq_fannar
Lair:2:   layout_cave_pods, gauntlet_entry_generic, patterned_corridor,
          infiniplex_staircase_pool
Lair:3:   layout_gridlike, uniq_snorg
Lair:4:   regret_index_tunnel_blossom, layout_hall_layers,
          elwin_shoals_entry_rooms, spider_nest_entry_web_field, minivault_23,
          serial_bayou_shore_b
Lair:5:   layout_small_grid, slime_dummy, serial_forest,
          infiniplex_forest_zigzag_1, infiniplex_forest_diagonal,
          infiniplex_forest_end_3, infiniplex_forest_3_way,
          infiniplex_forest_diagonal, infiniplex_forest_clump_long,
          infiniplex_forest_straight_4, minivault_19, lemuel_fruit_fields,
          lemuel_fruit_tree
Lair:6:   cheibrodos_lair_end_hotspot, layout_cellular_growth
Shoals:1: layout_shoals, nicolae_island_escapes
Shoals:2: layout_shoals
Shoals:3: layout_shoals, nicolae_shoals_loop_pool, uniq_ilsuiw, uniq_jorgrun
Shoals:4: shoals_end_simple, layout_shoals, shoal_ilsuiw
Spider:1: nicolae_spider_mines_1, drop_trap, hive_lemuel
Spider:2: layout_spider_delve, special_room
Spider:3: layout_spider_delve, uniq_aizul, uniq_azrael
Spider:4: spider_rune_water, uniq_louise, uniq_nikola, uniq_kirke, uniq_donald
Orc:1:    layout_caves, portal_ice_cave_entry_ice_beasts
Orc:2:    st_orc_mages, layout_diamond_mine, special_room, serial_shops, shop,
          nicolae_shop_statue_plus, nicolae_shop_statue_plus, uniq_rupert
Elf:1:    layout_geoelf_octagon, serial_shops, shop,
          portal_desolation_entry_nicolae_nacl, ebering_ghost_xom,
          minmay_elf_sorcery, hex_tiny, hangedman_elven_ridges
Vaults:1: v_pattern_5, nicolae_vaults_little_squares_5, nicolae_vaults_asterisk,
          vaults_room_door_hall, ontoclasm_vaults_pinch,
          nicolae_vaults_little_squares_2, dpeg_vaults_monster_box,
          nicolae_vaults_border_crossing, ontoclasm_vaults_claustrophobia,
          nicolae_vaults_alarming, layout_vaults_big_cross, serial_shops,
          shop_coins, shop, nicolae_shop_behind_doors, nicolae_shop_trees
Vaults:2: ontoclasm_vaults_shuriken, nicolae_vaults_windows_and_doors_thing,
          ontoclasm_vaults_ligature, vaults_room_semicircle, vaults_dpeg_hooks,
          nicolae_vaults_network_periphery, nicolae_vaults_triangles,
          ontoclasm_vaults_fault, nicolae_vaults_hallways_thing,
          minmay_crypt_entry_simple_corners, st_check, vaults_dpeg_ring,
          v_misc_22, layout_vaults_ring, uniq_saint_roka, uniq_boris
Vaults:3: advil_vaults_ghost_lines, vaults_door_vault,
          vaults_standard_mumra_enter_the_diamond, ontoclasm_vaults_twist,
          grunt_vaults_diagonal, nicolae_vaults_network_square,
          ontoclasm_vaults_gateway, ontoclasm_vaults_eye,
          layout_vaults_omnigrid, serial_shops, nicolae_shop_overgrown_old_shop,
          uniq_xtahua
Vaults:4: v_misc_22, v_alt_pattern_4, nicolae_vaults_fighting_squares,
          v_alt_pattern_4, nicolae_vaults_network_barrier,
          hangedman_vaults_capsules, vaults_room_mumra_shop_pool,
          nicolae_vaults_rhombus_6, vaults_dpeg_doors,
          hangedman_vaults_restitches, v_pattern_3, layout_vaults_omnibox,
          serial_shops, nicolae_shop_trees, uniq_mara
Depths:1: layout_forbidden_donut, grunt_metal_band, rand_demon_pan_entry_8,
          minmay_misc_feat_chi, minmay_mirror_moons_of_madness,
          minmay_shop_grove
Depths:2: minmay_the_grid_triangle_9x9_recursive_3
          [minmay_the_grid_triangle_9x9_stretched_checkered,
          minmay_the_grid_triangle_9x9_minimal,
          minmay_the_grid_triangle_9x9_pentomino_pain,
          minmay_the_grid_triangle_9x9_prize_insulated,
          minmay_the_grid_triangle_9x9_subtriangle,
          minmay_the_grid_triangle_9x9_odd_lines,
          minmay_the_grid_triangle_9x9_impossible_snake,
          minmay_the_grid_triangle_9x9_corruption,
          minmay_the_grid_triangle_9x9_negative_grid], layout_cave_shapes,
          serial_bayou_pond_a, hellmouth_1, minmay_misc_feat_pillars,
          kennysheep_generic_room_7, infiniplex_staircase_zigzag_3
Depths:3: cheibrodos_spurs, layout_small_grid, grunt_hell_entry_dis_grunt,
          grunt_decor_mini_mirrors, pan_entry,
          minmay_guarded_unrand_wrath_of_trog
Depths:4: minmay_broken_ring, layout_gridlike, abyss_entry,
          small_statue_intersection, hangedman_tar_grid_catacomb, serial_sigils,
          serial_sigils_hangedman_gnaw, serial_sigils_hangedman_gut,
          serial_sigils_hangedman_leer, serial_sigils_hangedman_snap,
          minivault_10, uniq_sojobo
Depths:5: evilmike_zot_entry_basic, layout_long_grid, enter_ziggurat_d,
          hell_entry, hangedman_decor_growths

Skill      XL: |  1  2  3  4  5  6  7  8  9 10 11 12 13 14 15 16 17 18 19 20 21 22 23 24 |
---------------+-------------------------------------------------------------------------+-----
Long Blades    | 4 5 6 7 8 10 11 13 14 15 16 17 18 20 21 | 21.6
Dodging        | 4 5 6 7 9 10 11 12 13 14 15 16 17 18 | 18.6
Fighting       | 5 8 11 13 14 15 17 18 19 20 21 22 23 | 23.2
Armour         | 3 6 9 10 11 12 13 14 15 16 17 | 17.9
Invocations    | 1 4 6 7 8 9 10 | 10.5
Shields        | 7 8 9 10 | 10.0
Throwing       | 6 8 |  8.2
Evocations     | 2 5 8 10 | 10.8
Staves         | 10 16 17 18 19 | 19.1
Hexes          | 4 |  4.4

Action                   |  1- 3 |  4- 6 |  7- 9 | 10-12 | 13-15 | 16-18 | 19-21 | 22-24 || total
-------------------------+-------+-------+-------+-------+-------+-------+-------+-------++-------
Melee: Long sword        |    56 |   136 |   381 |   442 |   948 |       |       |       ||  1963
       Headbutt          |     8 |    20 |    88 |   162 |   312 |   394 |   473 |   582 ||  2039
       Punch             |       |       |       |     2 |       |       |       |       ||     2
       Scimitar          |       |       |       |       |    30 |   279 |       |       ||   309
       Double sword      |       |       |       |       |       |   829 |   763 |       ||  1592
       Lajatang          |       |       |       |       |       |       |   591 |  1600 ||  2191
Throw: Boomerang         |       |       |       |       |    13 |       |       |       ||    13
       Javelin           |       |       |       |       |       |     9 |    11 |       ||    20
Invok: Heroism           |       |       |       |     2 |    14 |    10 |     9 |     4 ||    39
       Finesse           |       |       |       |     1 |    10 |     8 |     7 |     4 ||    30
Evoke: Wand              |       |       |       |       |       |     1 |     1 |       ||     2
  Use: Potion            |     3 |     4 |     3 |     8 |     4 |    10 |     5 |    10 ||    47
       Scroll            |       |     5 |    17 |    20 |    20 |    16 |    16 |    22 ||   116
 Stab: Sleeping          |     1 |     1 |       |     5 |       |       |       |     6 ||    13
       Distracted        |       |       |       |       |     1 |       |       |       ||     1
       Invisible         |       |       |       |       |       |       |       |     2 ||     2
Armor: Leather armour    |    14 |    21 |    14 |    54 |       |       |       |       ||   103
       Scale mail        |       |       |    65 |    61 |       |       |       |       ||   126
       Plate armour      |       |       |     3 |    23 |   318 |       |       |       ||   344
       Crystal plate arm |       |       |       |       |   165 |   635 |   129 |       ||   929
       Gold dragon scale |       |       |       |       |       |       |   435 |   511 ||   946
Dodge: Dodged            |    39 |   107 |   213 |   420 |   589 |   810 |   525 |   672 ||  3375
Block: Buckler           |       |       |       |       |   344 |   589 |   387 |       ||  1320
       Reflection        |       |       |       |       |       |    13 |    47 |    14 ||    74
       Other             |       |       |       |       |       |       |    76 |   185 ||   261
       Rpst.: Long sword |     7 |    23 |    63 |    92 |   136 |       |       |       ||   321
       Scimitar          |       |       |       |       |     3 |    70 |       |       ||    73
       Double sword      |       |       |       |       |       |    77 |    42 |       ||   119

Table legend: (Time is in decaauts)
 A = Elapsed time spent in this place.
 B = Non-inter-level travel time spent in this place.
 C = Inter-level travel time spent in this place.
 D = Time resting spent in this place.
 E = Time spent auto-exploring this place.
 F = Levels seen in this place.
 G = Mean time per level.
                   A        B        C        D        E       F      G
               +--------+--------+--------+--------+--------+-----+--------+
         Total |  61166 |  57505 |   3661 |  19803 |  26495 |  47 | 1301.4 |
       Dungeon |  18227 |  17028 |   1199 |   6398 |   7710 |  15 | 1215.1 |
        Temple |    273 |    227 |     46 |      0 |    181 |   1 |  273.0 |
          Lair |   7841 |   6871 |    970 |   1106 |   4393 |   6 | 1306.8 |
        Shoals |   4765 |   4420 |    345 |   1066 |   2275 |   4 | 1191.2 |
   Spider Nest |   5346 |   5238 |    108 |   2126 |   2250 |   4 | 1336.5 |
  Orcish Mines |   1659 |   1564 |     95 |    267 |   1027 |   2 |  829.5 |
   Elven Halls |    468 |    468 |      0 |     14 |    287 |   1 |  468.0 |
        Vaults |   7623 |   7179 |    444 |   1923 |   4091 |   4 | 1905.8 |
        Depths |  11127 |  10676 |    451 |   5372 |   3638 |   5 | 2225.4 |
       Ossuary |    164 |    164 |      0 |     32 |     21 |   1 |  164.0 |
      Ice Cave |    430 |    430 |      0 |      0 |    150 |   1 |  430.0 |
       Volcano |   1474 |   1474 |      0 |    976 |     13 |   1 | 1474.0 |
    Desolation |   1242 |   1242 |      0 |    370 |    458 |   1 | 1242.0 |
      Gauntlet |    523 |    523 |      0 |    150 |      0 |   1 |  523.0 |
               +--------+--------+--------+--------+--------+-----+--------+

Top non-repeatable levels by time:
Depths:4: 4146 daAuts
Depths:2: 2585 daAuts
Vaults:1: 2432 daAuts
Vaults:2: 2283 daAuts
Depths:3: 2264 daAuts
  Lair:4: 2225 daAuts
Spider:4: 2074 daAuts
Shoals:4: 2056 daAuts
     D:9: 1945 daAuts
  Lair:6: 1686 daAuts
Vaults:4: 1666 daAuts
     D:7: 1661 daAuts
     D:5: 1579 daAuts
Spider:2: 1555 daAuts
     D:4: 1475 daAuts
